 Dungeon Crawl Stone Soup version 0.31.0-11-ge490571c62 (console) character file.

Game seed: 11418620696416312954

30972 jejorda2 the Metamorph (level 13, -6/132 HPs)
             Began as a Grey Draconian Berserker on Feb 3, 2024.
             Was a High Priest of Trog.
             Mangled by a cane toad (18 damage)
             ... on level 3 of the Lair of Beasts.
             The game lasted 00:29:24 (16445 turns).

jejorda2 the Metamorph (Grey Draconian Berserker)  Turns: 16445, Time: 00:29:24

Health: -6/132     AC: 16    Str: 29    XL:     13   Next: 23%
Magic:  13/13      EV: 11    Int:  9    God:    Trog [*****.]
Gold:   569        SH:  0    Dex: 10    Spells: 12/12 levels left

rFire   . .          .
                       - Unarmed
rCold   + . .        (shield currently unavailable)
rNeg    . . .        (body armour unavailable)
rPois   +            (helmet currently unavailable)
rElec   .            z - melded +2 cloak
rCorr   .            (gloves currently unavailable)
SInv    .            u - melded +2 pair of boots
Will    ++...        E - amulet of the acrobat
Stlth   +            t - ring of protection from cold
HPRegen 1.42/turn    p - +4 ring of protection
MPRegen 0.13/turn

%: acrobat
@: snake-form, strong-willed, on berserk cooldown, regenerating, slowed, very
slow
A: constrict, boosted hp, AC +13, amphibious, large, unfitting armour,
(cold-blooded)
a: Begin Untransformation, Renounce Religion, Berserk, Trog's Hand, Brothers in
Arms


You were on level 3 of the Lair of Beasts.
You worshipped Trog.
Trog was extremely pleased with you.
You were an enormous serpent.
You visited 2 branches of the dungeon, and saw 15 of its levels.
You also visited: Sewer.

You collected 1058 gold pieces.
You spent 489 gold pieces at shops.

Inventory:

Missiles
 n - 6 boomerangs
 s - 2 curare-tipped darts
 C - 59 poisoned darts (quivered)
 F - 2 javelins
 K - a throwing net
Armour
 u - a +2 pair of boots (melded)
 z - a +2 cloak (melded)
Jewellery
 i - a ring of protection from fire
 p - a +4 ring of protection (right hand)
 t - a ring of protection from cold (left hand)
 v - a ring of resist corrosion
 x - a ring of protection from fire
 E - an amulet of the acrobat (around neck)
Talismans
 k - a maw talisman
 D - a serpent talisman (active)
 H - a maw talisman
Wands
 j - a wand of iceblast (31)
 l - a wand of polymorph (18)
 y - a wand of quicksilver (7)
 A - a wand of paralysis (11)
 B - a wand of flame (36)
Scrolls
 a - 5 scrolls of identify
 c - 7 scrolls of teleportation
 f - 2 scrolls of fog
 o - 4 scrolls of immolation
 q - 2 scrolls of poison
 w - a scroll of blinking
 J - a scroll of silence
 L - a scroll of fear
Potions
 b - 2 potions of haste
 d - 4 potions of curing
 e - 3 potions of lignification
 g - 2 potions of attraction
 h - 2 potions of enlightenment
 m - 3 potions of might
 r - 2 potions of heal wounds
Miscellaneous
 G - a phial of floods
 I - a lightning rod (4/4)


   Skills:
 - Level 8.8 Fighting
 - Level 6.0 Dodging
 + Level 9.3 Unarmed Combat
 + Level 7.6 Evocations
 * Level 15.7 Shapeshifting


You had 12 spell levels left.
You didn't know any spells.
Your spell library was empty.

Dungeon Overview and Level Annotations

Branches:
Dungeon (12/15)            Temple (0/1) D:6            Lair (3/5) D:8
 Shoals (0/4) Lair:2       Spider (0/4) Lair:2          Orc (0/2) D:11
  Sewer (visited)

Altars:
Ashenzari
Dithmenos
Kikubaaqudgha
Makhleb
Nemelex Xobeh
Sif Muna
Trog
The Shining One

Shops:
D:3 !   D:5 ([?   D:9 *   D:12 *

Annotations:
D:10 2 transporters, TheBioAlchemist's ghost, journeyman TeAE


Innate Abilities, Weirdness & Mutations

You are an enormous serpent.
You have a powerful constriction melee attack.
Your maximum health is increased.
Your armour is entirely melded.
You are incapable of wielding weapons or throwing items.
((Your dull iron-grey scales are very hard. (AC +13)))
You are amphibious.
You cannot fit into any form of body armour.
((You are cold-blooded and may be slowed by cold attacks.))


Message History

The cane toad poisons you!
The elephant tramples you but does no damage.
The elephant trunk-slaps you but does no damage.
The cane toad stings you but does no damage.
You lash the elephant!
The elephant is lightly wounded.
You feel very sick. The cane toad stings you.
* * * LOW HITPOINT WARNING * * *
The elephant tramples you but does no damage.
The elephant trunk-slaps you.
* * * LOW HITPOINT WARNING * * *
You feel much better.
You feel very sick. The cane toad stings you.
* * * LOW HITPOINT WARNING * * *
The elephant tramples you.
* * * LOW HITPOINT WARNING * * *
You stumble backwards!
The elephant barely misses you.
The elephant trunk-slaps you but does no damage.
You body-slam the elephant!!
The elephant is heavily wounded.
You feel sick. The elephant tramples you.
* * * LOW HITPOINT WARNING * * *
You hold your ground!
The elephant trunk-slaps you but does no damage.
You body-slam the elephant!!
The elephant is almost dead.
You feel sick. The elephant tramples you.
* * * LOW HITPOINT WARNING * * *
You hold your ground!
The elephant trunk-slaps you but does no damage.
You body-slam the elephant!!
You kill the elephant!
Trog accepts your kill.
You feel sick.
You feel better.
The cane toad stings you but does no damage.
The cane toad stings you!!
You die...

.....#..##.........#
........#....##....##
....................#
...................##
...................#
........#..P.P##.P##
...###.###..P###..#
...#.#.#....###...#
....##..#...# ##S.#
...###.##P..# ##F##
...###.#....###.†.#
....#........P##.†#
..............#.†.#
...............#..#
...................
....................
.....................


You could see a cane toad.

Vanquished Creatures
  2 hydras
  An ice dragon (D:12)
  5 death yaks (Lair:3)
  A tengu warrior (D:12)
  2 two-headed ogres
  A deep troll earth mage (D:12)
  A skyshark (Lair:3)
  Pikel (D:4)
  A deep elf pyromancer (D:12)
  An ugly thing (D:12)
  3 cyclopes
  A meliai (D:12)
  5 manticores
  2 black mambas (Lair:2)
  5 elephants
  2 cane toads
  A gargoyle (D:11)
  2 rime drakes
  2 kobold demonologists (D:11)
  3 komodo dragons
  An efreet (D:12)
  An unseen horror (D:11)
  4 trolls
  2 polar bears (Lair:3)
  Grinder (D:5)
  A water elemental (D:12)
  Sigmund (D:3)
  2 wraiths (D:11)
  2 wyverns
  24 yaks
  A warg (D:11)
  3 basilisks
  A steam dragon (D:7)
  3 acid dragons
  9 water moccasins
  A meliai simulacrum (D:12)
  4 black bears
  A sky beast (D:6)
  An ice beast (D:7)
  6 orc warriors
  A laughing skull (D:12)
  9 centaurs
  A phantom (D:5)
  8 bullfrogs
  8 kobold brigands
  2 brain worms (Sewer)
  9 scorpions
  3 killer bees (D:7)
  4 howler monkeys
  3 electric eels
  3 hounds
  4 orc priests (D:10)
  A bombardier beetle (D:4)
  A gnoll bouda (D:8)
  A jelly (D:7)
  2 sleepcaps
  4 iguanas
  12 orc wizards
  11 hell rats (Lair:1)
  12 gnolls
  4 river rats
  11 adders
  A shadow imp (D:8)
  A white imp (D:6)
  2 ufetubi (D:6)
  5 dart slugs
  6 ribbon worms
  43 orcs
  8 endoplasms
  10 giant cockroaches
  9 goblins
  5 hobgoblins
  11 jackals
  5 quokkas
  8 ball pythons
  3 bats
  8 frilled lizards
  24 kobolds
  11 rats
385 creatures vanquished.

Vanquished Creatures (collateral kills)
  An elephant (Lair:3)
1 creature vanquished.

Grand Total: 386 creatures vanquished

Notes
Turn   | Place    | Note
-------+----------+-------------------------------------------
     0 | D:1      | jejorda2 the Draconian Berserker began the quest for the
                  | Orb.
     0 | D:1      | Reached XP level 1. HP: 19/19 MP: 1/1
   184 | D:1      | Reached skill level 1 in Shapeshifting
   184 | D:1      | Reached XP level 2. HP: 26/26 MP: 2/2
   213 | D:1      | Found a faded altar of an unknown god.
   916 | D:2      | Reached XP level 3. HP: 17/31 MP: 3/3
  1046 | D:2      | Reached ** piety under Trog
  1072 | D:2      | Reached skill level 2 in Shapeshifting
  1438 | D:2      | Reached XP level 4. HP: 21/40 MP: 4/4
  1726 | D:3      | Noticed Sigmund
  1732 | D:3      | Killed Sigmund
  1733 | D:3      | Reached skill level 3 in Shapeshifting
  1733 | D:3      | Reached XP level 5. HP: 45/47 MP: 5/5
  1882 | D:3      | Reached XP level 6. HP: 34/53 MP: 6/6
  2092 | D:3      | Found Seuwnoen's Distillery.
  2103 | D:3      | Bought a potion of heal wounds for 65 gold pieces
  2103 | D:3      | Bought a potion of curing for 39 gold pieces
  2312 | D:3      | You fall into a shaft and drop 3 floors!
  2322 | D:6      | Reached skill level 4 in Shapeshifting
  2326 | D:6      | Reached skill level 5 in Fighting
  2370 | D:6      | Your scales start taking on a dull iron-grey colour.
  2370 | D:6      | Reached XP level 7. HP: 46/61 MP: 7/7
  2437 | D:6      | Found a glowing drain.
  2445 | Sewer    | Entered a sewer
  2480 | Sewer    | Reached skill level 5 in Shapeshifting
  2489 | Sewer    | Reached skill level 5 in Unarmed Combat
  2630 | Sewer    | Reached *** piety under Trog
  3015 | Sewer    | Reached XP level 8. HP: 57/70 MP: 8/8
  3317 | D:6      | Reached skill level 6 in Shapeshifting
  3628 | D:6      | Found a staircase to the Ecumenical Temple.
  3945 | D:5      | Entered Level 5 of the Dungeon
  4039 | D:5      | Found Ucokekuna's Armour Emporium.
  4165 | D:5      | Identified the +1 hand axe of the Stoat {elec, Dex+4}
  4196 | D:5      | Reached skill level 7 in Shapeshifting
  4231 | D:5      | Found Boluismu's Antique Weapon Emporium.
  4468 | D:5      | Found Eluer's Magic Scroll Boutique.
  4476 | D:5      | Bought a scroll of teleportation for 33 gold pieces
  4534 | D:5      | Noticed Grinder
  4547 | D:5      | Killed Grinder
  4606 | D:5      | Reached XP level 9. HP: 79/79 MP: 9/9
  4750 | D:5      | Bought a scroll of blinking for 82 gold pieces
  4810 | D:4      | Noticed Pikel
  4826 | D:4      | Killed Pikel
  4827 | D:4      | Reached skill level 8 in Shapeshifting
  5199 | D:4      | Reached **** piety under Trog
  5488 | D:5      | Bought a +1 cloak for 126 gold pieces
  5625 | D:3      | Found a broken altar of Ashenzari.
  6243 | D:7      | Found the +7 Kryia's mail coat {PotionHeal*2 rC+}
  6755 | D:7      | Reached skill level 9 in Shapeshifting
  7435 | D:8      | Noticed an elephant
  7444 | D:8      | Killed an elephant
  7445 | D:8      | Reached XP level 10. HP: 77/90 MP: 10/10
  7604 | D:8      | Reached ***** piety under Trog
  7758 | D:8      | Found a burning altar of Makhleb.
  7758 | D:8      | Found a sparkling altar of Nemelex Xobeh.
  7839 | D:8      | Found a staircase to the Lair.
  7839 | D:8      | Noticed an elephant
  7845 | D:8      | Killed an elephant
  7846 | D:8      | Reached skill level 10 in Shapeshifting
  7915 | D:8      | Found a shadowy altar of Dithmenos.
  8171 | D:3      | Bought 2 potions of might for 104 gold pieces
  8538 | D:9      | Noticed a two-headed ogre
  8544 | D:9      | Killed a two-headed ogre
  9117 | D:9      | Found Lolattuu's Assorted Antiques.
  9122 | D:9      | Bought a scroll labelled DEOM WURGHEMNIU for 20 gold pieces
  9317 | D:10     | Entered Level 10 of the Dungeon
  9411 | D:10     | Reached skill level 5 in Dodging
  9417 | D:10     | Reached skill level 11 in Shapeshifting
  9597 | D:10     | Noticed a two-headed ogre
  9604 | D:10     | Killed a two-headed ogre
  9605 | D:10     | Reached XP level 11. HP: 95/95 MP: 11/11
  9619 | D:10     | Received a gift from Trog
  9668 | D:10     | Noticed a skeletal warrior
  9672 | D:10     | Noticed a boulder beetle
  9674 | D:10     | Found a transporter.
  9676 | D:10     | Noticed TheBioAlchemist's ghost (journeyman TeAE)
  9695 | D:10     | Found a transporter.
  9798 | D:10     | Found a shimmering blue altar of Sif Muna.
  9802 | D:10     | Found a bloodstained altar of Trog.
 10261 | D:11     | Reached skill level 1 in Evocations
 10275 | D:11     | Reached skill level 12 in Shapeshifting
 10423 | D:11     | Noticed a soul eater
 10651 | D:11     | Found a staircase to the Orcish Mines.
 11222 | D:12     | Found an ancient bone altar of Kikubaaqudgha.
 11309 | D:12     | Found Xeorowneryd's Assorted Antiques.
 11321 | D:12     | Reached skill level 13 in Shapeshifting
 11420 | D:12     | Bought a golden potion for 20 gold pieces
 11511 | D:12     | Noticed a deep elf pyromancer
 11521 | D:12     | Killed a deep elf pyromancer
 11602 | D:12     | HP: 3/114 [drowned by a water elemental (7)]
 12432 | D:12     | Reached skill level 5 in Evocations
 12547 | D:12     | Noticed a white ugly thing
 12554 | D:12     | Killed a white ugly thing
 12659 | D:12     | Reached XP level 12. HP: 89/103 MP: 12/12
 12754 | D:12     | Noticed a deep troll earth mage
 12754 | D:12     | Noticed an ice dragon
 12758 | D:12     | Killed a deep troll earth mage
 12770 | D:12     | Killed an ice dragon
 12789 | D:12     | Reached skill level 14 in Shapeshifting
 12849 | D:12     | Noticed a tengu warrior
 12851 | D:12     | Noticed a seven-headed hydra
 12862 | D:12     | Killed a seven-headed hydra
 12864 | D:12     | Killed a tengu warrior
 13250 | Lair:1   | Entered Level 1 of the Lair of Beasts
 13570 | Lair:1   | Received a gift from Trog
 14568 | Lair:2   | Found a hole to the Spider Nest.
 15001 | Lair:2   | Identified the orb of Spring Thaw {guile, rElec rF+ SInv}
 15244 | Lair:2   | Found a glowing golden altar of the Shining One.
 15263 | Lair:2   | Reached skill level 15 in Shapeshifting
 15376 | Lair:2   | Found a staircase to the Shoals.
 16075 | Lair:3   | Noticed a death yak
 16077 | Lair:3   | Noticed a death yak
 16077 | Lair:3   | Noticed a death yak
 16079 | Lair:3   | Noticed a death yak
 16080 | Lair:3   | Noticed a death yak
 16084 | Lair:3   | Killed a death yak
 16091 | Lair:3   | Killed a death yak
 16100 | Lair:3   | Killed a death yak
 16104 | Lair:3   | Killed a death yak
 16108 | Lair:3   | Killed a death yak
 16109 | Lair:3   | Reached XP level 13. HP: 58/110 MP: 13/13
 16443 | Lair:3   | HP: 5/132 [elephant (6)]
 16445 | Lair:3   | Mangled by a cane toad

Illustrated notes

Levels and vault maps discovered:
D:1:      zaba_arrival_water, layout_loops_ring,
          chequers_ecumenical_altar_island, minmay_misc_feat_tower
D:2:      minmay_angry_zag, layout_rooms, minmay_pentomino_s4
D:3:      layout_loops_corners, evilmike_ruin_ashenzari, serial_shops, shop,
          minmay_pentomino_pile, uniq_sigmund
D:4:      layout_loops_cross, dreamdust_wishing_well, hex_large, uniq_pikel
D:5:      layout_gridville, serial_shops, nicolae_shop_statue_plus,
          nicolae_shop_just_a_little_nook, nicolae_shop_stone,
          nicolae_figureground_sparkle, uniq_grinder
D:6:      layout_loops_cross, minmay_temple_entry_antechambers,
          portal_sewer_entry_e, nicolae_twisty_statue_hallways
D:7:      layout_basic
D:8:      layout_loops_ring, nicolae_dithmenos_shadow_blocks,
          amethyst_overflow_temple_binary, grunt_lair_entry_orc_guard_hut,
          minmay_strange_pillars
D:9:      layout_basic, serial_shops, shop
D:10:     layout_basic, hellmonk_overflow_destroyed_library,
          gammafunk_ghost_arena
D:11:     layout_basic, david_orc_3
D:12:     minmay_two_paths, layout_basic, serial_shops, kennysheep_mini,
          nicolae_kikubaaqudgha_miasma_corner
Lair:1:   layout_cave_pods, serial_rivers, chequers_serial_rivers_marsh,
          chequers_serial_rivers_micro_d, chequers_serial_rivers_small_a,
          chequers_serial_rivers_micro_e, chequers_serial_rivers_micro_b
Lair:2:   layout_gridlike, elwin_shoals_entry_rocks,
          nicolae_spider_entry_non_spiders, lemuel_centaur_altar,
          infiniplex_staircase_pool
Lair:3:   layout_gridlike, grunt_megastairs_1, infiniplex_staircase_pool_2

Skill      XL: |  1  2  3  4  5  6  7  8  9 10 11 12 |
---------------+-------------------------------------+-----
Shapeshifting  | 1 2 3 4 5 7 9 11 13 15 | 15.7
Fighting       | 4 5 6 7 8 |  8.8
Unarmed Combat | 4 5 6 7 9 |  9.3
Dodging        | 3 5 6 |  6.0
Evocations     | 5 7 |  7.6

Action                     |  1- 3 |  4- 6 |  7- 9 | 10-12 | 13-15 || total
---------------------------+-------+-------+-------+-------+-------++-------
  Melee: Unarmed           |   149 |   111 |   487 |   535 |    65 ||  1347
         Tailslap          |    23 |    13 |    74 |    47 |       ||   157
         Maw               |       |       |       |    97 |       ||    97
         Punch             |       |       |       |    12 |       ||    12
         Constrict         |       |       |       |    57 |    12 ||    69
  Throw: Dart              |       |       |       |     3 |       ||     3
 Invoke: Trog's Hand       |     1 |     1 |     2 |     2 |     2 ||     8
         Berserk           |       |     2 |     5 |     7 |     1 ||    15
         Brothers in Arms  |       |       |       |       |     1 ||     1
  Evoke: Wand              |       |       |       |     1 |       ||     1
    Use: Scroll            |       |     3 |    13 |     6 |       ||    22
         Potion            |       |       |     1 |       |     3 ||     4
   Stab: Sleeping          |     2 |       |       |       |       ||     2
 Armour: Skin              |    57 |    51 |   151 |   439 |    87 ||   785
  Dodge: Dodged            |    87 |    82 |   408 |   319 |    43 ||   939
   Form: Flux              |     1 |       |       |       |       ||     1
         Maw               |       |       |       |     1 |       ||     1
         Serpent           |       |       |       |     1 |       ||     1
